Map: [ESL] Site Delta

Players

ShoWTimE

  • Race: Protoss Protoss
  • League: Master
  • Spawn Location: 5:00

Kelazhur - Winner!

  • Race: Terran Terran
  • Spawn Location: 11:00

VOD

Have the link to the VOD?

Description

Time

  • Played on: Dec. 8, 2023, 1:14 p.m.
  • Length: 4:23
Show
View Real Time Build Order
Export as new Build Order

ShoWTimE Protoss 

Build Orders: 1 Gate Expand 

Get SALT Encoding   

  12  0:00  Probe  
  13  0:12  Probe  
  14  0:17  Pylon  
  14  0:24  Probe (Chrono Boost)  
  15  0:36  Gateway, Probe (Chrono Boost)  
  16  0:44  Probe (Chrono Boost)  
  16  0:46  Assimilator  
  17  0:51  Probe  
  18  1:03  Probe  
  19  1:15  Probe  
  20  1:23  Cybernetics Core  
  20  1:31  Nexus  
  20  1:35  Probe  
  21  1:41  Pylon  
  21  1:47  Probe  
  21  1:49  Assimilator  
  22  1:57  Stalker (Chrono Boost)  
  22  1:59  Probe  
  25  2:07  Shield Battery  
  25  2:11  Probe  
  24  2:23  Probe  
  24  2:25  Stalker (Chrono Boost)  
  24  2:28  Warp Gate  
  27  2:39  Probe  
  28  2:46  Probe  
  28  2:48  Stalker (Chrono Boost)  
  31  2:52  Probe  
  32  3:03  Stargate  
  32  3:10  Shield Battery  
  32  3:12  Stalker (Chrono Boost)  
  32  3:25  Probe x2  
  34  3:34  Stalker (Chrono Boost)  
  36  3:48  Pylon  
  38  4:00  Pylon  
Show
View Real Time Build Order
Export as new Build Order

Kelazhur Terran - Winner!

Build Orders: Cyclone Opening 

Get SALT Encoding   

  12  0:00  SCV  
  13  0:12  SCV  
  14  0:17  Supply Depot  
  14  0:24  SCV  
  15  0:39  SCV  
  15  0:41  Barracks  
  16  0:45  Refinery  
  16  0:51  SCV  
  16  0:56  Refinery  
  17  1:03  SCV  
  18  1:15  SCV  
  19  1:28  Orbital Command, Reaper  
  19  1:32  Supply Depot  
  20  1:45  Factory  
  20  1:55  Bunker  
  20  1:57  SCV  
  20  2:01  Barracks Tech Lab  
  21  2:09  SCV  
  22  2:21  SCV  
  23  2:26  Concussive Shells  
  23  2:27  Marauder  
  25  2:34  SCV  
  25  2:35  Cyclone  
  28  2:40  Supply Depot  
  28  2:46  SCV  
  28  2:48  Marauder  
  31  2:57  Starport  
  31  3:02  SCV  
  32  3:09  Marauder  
  32  3:10  Cyclone  
  36  3:15  Supply Depot  
  36  3:26  SCV  
  37  3:43  Medivac  
  37  3:45  Cyclone  
  41  3:50  Command Center  
  41  3:51  SCV  
Tags
 
Add a new tag
Caveats
  • Supply blocks, unpowered buildings, or Contaminate may cause inaccurate times.
  • Supply counts are checked every 10 seconds.